 Seeded DCSS version 0.30-a0-777-ga9a30cbeda (webtiles) character file.

Game seed: 20230214 (custom seed)

22269 a11behringer the Basher (level 12, -16/80 HPs)
             Began as a Gargoyle Fighter on Feb 14, 2023.
             Was an Initiate of Gozag.
             Killed by the raging water
             ... invoked by a water nymph
              (19 damage)
             ... on level 12 of the Dungeon.
             The game lasted 00:38:56 (10597 turns).

a11behringer the Basher (Gargoyle Fighter)         Turns: 10597, Time: 00:38:57

Health: -16/80     AC: 32    Str: 31    XL:     12   Next: 98%
Magic:  12/12      EV:  9    Int:  9    God:    Gozag
Gold:   905        SH:  0    Dex:  9    Spells: 9/11 levels left

rFire   . . .      SeeInvis .    O - +6 great mace "Wedyac" {freeze, rPois}
rCold   . . .      Faith    .    (shield currently unavailable)
rNeg    + . .      Spirit   .    F - +0 chain mail {Will+}
rPois   ∞          Reflect  .    v - +0 helmet
rElec   +          Harm     .    P - +1 cloak
rCorr   .          Rampage  .    e - +0 pair of gloves
Will    +....                    n - +0 pair of boots Stlth
                                 K - amulet of regeneration
HPRegen 1.13/turn                s - +4 ring of protection
MPRegen 0.13/turn                I - +6 ring of strength

@: mighty, gold aura, very slow
A: sickness immunity, AC +8, negative energy resistance 1, electricity
resistance, torment resistance 1, petrification resistance
a: Renounce Religion, Potion Petition, Call Merchant, Bribe Branch


You were on level 12 of the Dungeon.
You worshipped Gozag.
Gozag was pleased with you.
You visited 1 branch of the dungeon, and saw 12 of its levels.

You collected 2634 gold pieces.
You spent 502 gold pieces at shops.
You paid 1227 gold pieces to Gozag.

Inventory:

Hand Weapons
 a - a +0 heavy hammer
 q - a +4 whip
 t - a +0 morningstar of venom
 B - a +0 sling
 O - the +6 great mace "Wedyac" (weapon) {freeze, rPois}
   (You bought it in a shop on level 9 of the Dungeon)

   rPois:     It protects you from poison.
 U - the +10 quarterstaff of the Ecumenical Temple {heavy, rElec}
   (You found it on level 11 of the Dungeon)

   rElec:     It insulates you from electricity.
Missiles
 r - 3 silver boomerangs (quivered)
 u - 3 throwing nets
Armour
 e - a +0 pair of gloves (worn)
 n - a +0 pair of boots (worn)
 v - a +0 helmet (worn)
 F - a +0 chain mail of willpower (worn)
 J - a +2 kite shield
 P - a +1 cloak (worn)
 Q - the +2 leather armour of Wischil {rC+ rCorr}
   (You found it on level 9 of the Dungeon)

   rC:        It protects you from cold.
   rCorr:     It protects you from acid and corrosion.
 X - an orb of mayhem
Jewellery
 b - a ring of ice
 s - a +4 ring of protection (left hand)
 w - an amulet of the acrobat
 x - a ring of protection from cold
 C - a +5 ring of evasion
 I - a +6 ring of strength (right hand)
 K - an amulet of regeneration (around neck)
Wands
 m - a wand of flame (26)
 o - a wand of roots (19)
Scrolls
 c - a scroll of magic mapping {unknown}
 f - 2 scrolls of torment
 g - 4 scrolls of fog
 l - 2 scrolls of teleportation
 y - 5 scrolls of enchant weapon
 D - 2 scrolls of vulnerability
 N - a scroll of brand weapon {unknown}
 R - a scroll of poison {unknown}
 T - a scroll of blinking {unknown}
 V - a scroll of summoning {unknown}
 W - a scroll of enchant armour {unknown}
Potions
 d - 2 potions of might
 h - 4 potions of attraction
 i - a potion of resistance
 j - 10 potions of curing
 k - 2 potions of invisibility
 p - a potion of lignification {unknown}
 z - a potion of heal wounds
 A - 2 potions of haste
 G - a potion of cancellation {unknown}
 H - 3 potions of flight
 L - a potion of brilliance
 S - 2 potions of mutation


   Skills:
 + Level 11.5 Fighting
 * Level 14.2 Maces & Flails
 + Level 11.5 Armour
 - Level 9.0 Shields


You had 9 spell levels left.
You knew the following spells:

 Your Spells              Type           Power      Damage    Failure   Level
a - Blink                 Tloc           0%         N/A       91%         2

Your spell library contained the following spells:

 Spells                   Type           Power      Damage    Failure   Level
 Freeze                   Ice            0%         1d3       82%         1
 Slow                     Hex            0%         N/A       82%         1
 Summon Small Mammal      Summ           0%         N/A       82%         1
 Lesser Beckoning         Tloc           0%         N/A       91%         2
 Momentum Strike          Conj/Tloc      0%         3d8       91%         2
 Call Canine Familiar     Summ           0%         N/A       99%         3
 Confusing Touch          Hex            0%         N/A       99%         3
 Dazzling Flash           Conj/Hex       0%         N/A       99%         3
 Frozen Ramparts          Ice            0%         1d1       99%         3
 Hailstorm                Conj/Ice       0%         3d3       99%         3
 Summon Guardian Golem    Hex/Summ       0%         N/A       99%         3
 Vampiric Draining        Necr           0%         2d6       99%         3
 Dispel Undead            Necr           0%         3d6       100%        4
 Iskenderun's Mystic Bla  Conj/Tloc      0%         2d3       100%        4
 Manifold Assault         Tloc           0%         N/A       100%        4
 Death Channel            Necr           0%         N/A       100%        6
 Starburst                Conj/Fire      0%         6d3       100%        6
 Storm Form               Tmut/Air       0%         N/A       100%        7
 Cigotuvi's Dreadful Rot  Necr/Pois/Air  Unusable   N/A       N/A         2

Dungeon Overview and Level Annotations

Branches:
Dungeon (12/15)            Temple (0/1) D:6            Lair (0/5) D:10
    Orc (0/2) D:11

Altars:
Ashenzari
Elyvilon
Gozag
Hepliaklqana
Makhleb
Ru
Sif Muna
Trog
Wu Jian

Shops:
D:5 =(   D:9 (   D:12 (


Innate Abilities, Weirdness & Mutations

You are immune to sickness and miasma.
Your stone body is resilient. (AC +8)
You are immune to poison.
You resist negative energy. (rN+)
You are resistant to electric shocks. (rElec)
You are resistant to unholy torment.
You are immune to petrification.


Message History

The merfolk aquamancer hits you but does no damage.
The water nymph touches you.
The troll is distracted by your dazzling golden aura.
The merfolk aquamancer hits you but does no damage.
The troll shouts!
You hammer the merfolk aquamancer like a gong!!!
You freeze the merfolk aquamancer.
You kill the merfolk aquamancer!
You hear a splash. x2
The centaur is distracted by your dazzling golden aura.
The merfolk aquamancer hits you but does no damage.
The water nymph touches you.
You hear some strange, mumbled words.
Something tries to affect you, but you resist.
The centaur shouts!
The troll is no longer distracted by gold.
The merfolk aquamancer gestures at you while chanting.
The shard of ice hits you.
* * * LOW HITPOINT WARNING * * *
The orc is distracted by your dazzling golden aura.
The water nymph points at you and mumbles some strange words.
The water swirls and strikes you!
* * * LOW HITPOINT WARNING * * *
The troll bites you but does no damage. The troll claws you but does no damage.
The troll completely misses you.
The merfolk aquamancer hits you but does no damage.
The water nymph touches you.
* * * LOW HITPOINT WARNING * * *
The troll bites you but does no damage.
The troll claws you but does no damage. x2
The orc shouts!
Things that are here:
16 gold pieces; a +0 rapier; a +0 robe You bludgeon the merfolk aquamancer!!
You freeze the merfolk aquamancer!
The merfolk aquamancer is severely wounded.
A vampire comes into view.
The merfolk aquamancer barely misses you.
The water nymph points at you and mumbles some strange words.
The water swirls and strikes you!!
You die...
Your body crumbles into a pile of gold.

..........
..................~~~~.≈
.......... ........~~~.V
.......... .......~~~≈≈
.......... ......~~≈≈≈
....###### #.#..~.~≈≈≈
....# #.~~~~~~~~~ ....#
#~cmm{~~... ....#
#)~@To~.... ###.#
#~#mo...... #.#
#.##....... #.# #.#
#..$..# #.# #.######..#
#.# #.........# #.#
#........ # #.#
#........ #.# #.######.


You could see a merfolk aquamancer, 2 water nymphs, a troll, a vampire, a
centaur and 2 orcs.

Vanquished Creatures
  Gastronok (D:11)
  A hydra (D:10)
  Fannar (D:10)
  Erolcha (D:10)
  A boulder beetle (D:12)
  6 two-headed ogres
  A merfolk aquamancer (D:12)
  A deep elf pyromancer (D:7)
  An ugly thing (D:11)
  Joseph (D:8)
  A komodo dragon (D:12)
  2 kobold demonologists (D:11)
  An unseen horror (D:12)
  3 trolls
  Prince Ribbit (D:7)
  10 slime creatures (D:12)
  A wraith (D:10)
  A shadow (D:11)
  A wyvern (D:5)
  29 yaks
  Eustachio (D:6)
  3 steam dragons
  4 vampire mosquitoes (D:11)
  A water moccasin (D:9)
  A sky beast (D:7)
  3 orc warriors
  3 black bears
  An ogre (D:5)
  5 centaurs
  2 phantoms
  9 kobold brigands
  Blork the orc (D:6)
  4 gnoll sergeants
  5 scorpions
  7 wights
  3 killer bees (D:9)
  An electric eel (D:12)
  4 howler monkeys
  6 hounds
  5 orc priests
  A jelly (D:6)
  3 gnoll boudas
  Crazy Yiuf (D:6)
  An iguana (D:6)
  9 orc wizards
  9 adders
  36 gnolls
  A shadow imp (D:6)
  A white imp (D:6)
  3 worms
  6 dart slugs
  39 orcs
  2 bats
  8 endoplasms
  2 giant cockroaches (D:3)
  11 hobgoblins
  4 jackals (D:1)
  5 quokkas
  12 ball pythons
  5 frilled lizards
  6 goblins
  63 kobolds
  6 rats
  A butterfly (D:6)
369 creatures vanquished.

Vanquished Creatures (others)
  An orc wizard (D:4)
  A gnoll (D:8)
  5 plants
7 creatures vanquished.

Grand Total: 376 creatures vanquished

Notes
Turn   | Place    | Note
-------+----------+-------------------------------------------
     0 | D:1      | a11behringer the Gargoyle Fighter began the quest for the
                  | Orb.
     0 | D:1      | Reached XP level 1. HP: 14/14 MP: 1/1
   132 | D:1      | Reached XP level 2. HP: 14/19 MP: 2/2
   433 | D:1      | Reached XP level 3. HP: 15/23 MP: 3/3
  1208 | D:2      | Reached skill level 3 in Maces & Flails
  1227 | D:2      | Reached XP level 4. HP: 29/29 MP: 4/4
  1801 | D:3      | Reached XP level 5. HP: 33/33 MP: 5/5
  2205 | D:3      | Reached skill level 4 in Maces & Flails
  2344 | D:3      | Found a faded altar of an unknown god.
  2354 | D:3      | Reached XP level 6. HP: 37/38 MP: 6/6
  2870 | D:4      | Learned a level 2 spell: Blink
  2990 | D:4      | Found a shimmering blue altar of Sif Muna.
  3062 | D:4      | Found a white marble altar of Elyvilon.
  3186 | D:4      | Noticed a black bear
  3187 | D:4      | Found a bloodstained altar of Trog.
  3187 | D:4      | Noticed a black bear
  3207 | D:4      | Killed a black bear
  3208 | D:4      | Reached XP level 7. HP: 41/44 MP: 7/7
  3219 | D:4      | Reached skill level 5 in Maces & Flails
  3219 | D:4      | Reached skill level 5 in Shields
  3702 | D:5      | Entered Level 5 of the Dungeon
  3741 | D:5      | Reached skill level 5 in Fighting
  3852 | D:5      | Reached skill level 5 in Armour
  4126 | D:5      | Reached XP level 8. HP: 44/49 MP: 8/8
  4161 | D:5      | Reached skill level 6 in Maces & Flails
  4304 | D:5      | Found Iwaurat's Jewellery Emporium.
  4349 | D:5      | Noticed a wyvern
  4361 | D:5      | Killed a wyvern
  4437 | D:5      | Found Uzxaamuo's Weapon Emporium.
  4457 | D:5      | Found Osuv's Book Shop.
  4688 | D:6      | Found an opulent altar of Gozag.
  4757 | D:6      | Became a worshipper of Gozag Ym Sagoz the Greedy
  4783 | D:6      | Found a burning altar of Makhleb.
  4844 | D:6      | Found a broken altar of Ashenzari.
  4960 | D:6      | Found a hazy altar of Hepliaklqana.
  5062 | D:6      | Noticed Blork the orc
  5071 | D:6      | Killed Blork the orc
  5072 | D:6      | Reached skill level 7 in Maces & Flails
  5076 | D:6      | Noticed Eustachio
  5123 | D:6      | Reached XP level 9. HP: 13/56 MP: 9/9
  5152 | D:6      | Killed Eustachio
  5451 | D:6      | Noticed a two-headed ogre
  5469 | D:6      | Killed a two-headed ogre
  5470 | D:6      | Reached skill level 8 in Maces & Flails
  5506 | D:6      | Found a staircase to the Ecumenical Temple.
  5801 | D:6      | Found a runed translucent door.
  5802 | D:6      | Noticed Crazy Yiuf
  5812 | D:6      | Killed Crazy Yiuf
  6039 | D:7      | Noticed a deep elf pyromancer
  6053 | D:7      | Killed a deep elf pyromancer
  6054 | D:7      | Reached skill level 9 in Maces & Flails
  6054 | D:7      | Reached XP level 10. HP: 28/63 MP: 10/10
  6562 | D:7      | Noticed Prince Ribbit
  6579 | D:7      | Killed Prince Ribbit
  6740 | D:8      | Noticed Joseph
  6762 | D:8      | Killed Joseph
  6973 | D:8      | Found an ornate altar of the Wu Jian Council.
  7374 | D:8      | Noticed a two-headed ogre
  7391 | D:8      | Killed a two-headed ogre
  7392 | D:8      | Reached skill level 10 in Maces & Flails
  7885 | D:9      | Reached XP level 11. HP: 53/69 MP: 11/11
  7950 | D:9      | Bought a crystal great mace for 299 gold pieces
  7950 | D:9      | Identified the +6 great mace "Wedyac" {freeze, rPois} (You
                  | bought it in a shop on level 9 of the Dungeon)
  8013 | D:9      | Reached skill level 11 in Maces & Flails
  8068 | D:9      | Identified the +2 leather armour of Wischil {rC+ rCorr}
  8817 | D:10     | Entered Level 10 of the Dungeon
  8861 | D:10     | Found a staircase to the Lair.
  8896 | D:10     | Noticed a two-headed ogre
  8900 | D:10     | Killed a two-headed ogre
  9045 | D:10     | Noticed a two-headed ogre
  9046 | D:10     | Found a sacrificial altar of Ru.
  9056 | D:10     | Killed a two-headed ogre
  9077 | D:10     | Noticed Erolcha
  9082 | D:10     | Killed Erolcha
  9083 | D:10     | Reached skill level 12 in Maces & Flails
  9111 | D:10     | Noticed a two-headed ogre
  9112 | D:10     | Noticed a four-headed hydra
  9115 | D:10     | Killed a two-headed ogre
  9116 | D:10     | Reached skill level 10 in Fighting
  9116 | D:10     | Reached skill level 10 in Armour
  9120 | D:10     | Killed a four-headed hydra
  9121 | D:10     | Reached XP level 12. HP: 43/77 MP: 12/12
  9233 | D:10     | Noticed Fannar
  9245 | D:10     | Killed Fannar
  9418 | D:10     | Noticed a two-headed ogre
  9426 | D:10     | Killed a two-headed ogre
  9671 | D:11     | Found a staircase to the Orcish Mines.
  9678 | D:11     | Identified the +10 quarterstaff of the Ecumenical Temple
                  | {heavy, rElec}
  9724 | D:11     | Reached skill level 13 in Maces & Flails
 10018 | D:11     | Identified the +1 robe "Godutin" {Regen+}
 10213 | D:11     | Noticed Gastronok
 10219 | D:11     | Killed Gastronok
 10355 | D:12     | Noticed a boulder beetle
 10366 | D:12     | Killed a boulder beetle
 10453 | D:12     | Reached skill level 14 in Maces & Flails
 10513 | D:12     | Bought a runed morningstar for 203 gold pieces
 10579 | D:12     | Noticed a merfolk aquamancer
 10581 | D:12     | Noticed a merfolk aquamancer
 10595 | D:12     | Killed a merfolk aquamancer
 10596 | D:12     | HP: 4/80 [water nymph/the raging water (7)]
 10597 | D:12     | Killed from afar by a water nymph

Illustrated notes

Levels and vault maps discovered:
D:1:      minmay_arrival_cross, layout_loops_corners
D:2:      layout_rooms
D:3:      layout_loops_ring, shapermc_ecumenical_altar_flowoftime
D:4:      cheibrodos_quashed, layout_basic, elyvilon_altar_1, led_sif_book,
          trog_ov_bears_minmay, dreamdust_princess_bridge
D:5:      layout_cave_pods, serial_shops, shop, shop_statue, shop
D:6:      layout_basic, mainiacjoe_overflow_boulevard, ashenzari_altar_1,
          chequers_temple_overflow_statue_of_worship,
          minmay_temple_entry_butterflies, sword_in_stone,
          uniq_crazy_yiuf_cottage
D:7:      layout_loops_ring, serial_bayou_pond_c, uniq_prince_ribbit1
D:8:      kennysheep_kobold_camp, layout_basic, mainiacjoe_overflow_alcove_1,
          skrybe_limestone_x, uniq_joseph
D:9:      layout_stronghold
D:10:     layout_roguey, mainiacjoe_overflow_cross_hatched, lair_entry_dummy,
          grunt_ministairs_4, hangedman_abyss_or_decor_stagger, uniq_erolcha,
          uniq_fannar
D:11:     layout_basic, david_orc_2, uniq_gastronok
D:12:     layout_long_grid, nicolae_splish_splash

Skill      XL: |  1  2  3  4  5  6  7  8  9 10 11 12 |
---------------+-------------------------------------+-----
Maces & Flails | 3 4 5 7 9 10 12 14 | 14.2
Shields        | 4 5 6 7 8 9 |  9.0
Armour         | 4 5 6 7 8 10 11 | 11.5
Fighting       | 4 5 6 7 8 10 11 | 11.5

Action                     |  1- 3 |  4- 6 |  7- 9 | 10-12 || total
---------------------------+-------+-------+-------+-------++-------
  Melee: Flail             |   149 |    49 |       |       ||   198
         Whip              |       |   171 |   376 |   369 ||   916
         Great mace        |       |       |       |   372 ||   372
  Throw: Boomerang         |       |       |     6 |       ||     6
 Invoke: Call Merchant     |       |       |       |     2 ||     2
    Use: Potion            |       |       |     1 |     3 ||     4
         Scroll            |       |       |       |    14 ||    14
   Stab: Distracted        |       |       |       |     3 ||     3
 Armour: Scale mail        |    92 |    91 |    51 |       ||   234
         Chain mail        |       |       |   121 |   496 ||   617
  Dodge: Dodged            |    77 |    79 |   206 |   519 ||   881
  Block: Buckler           |    32 |    36 |    51 |       ||   119
         Kite shield       |       |       |    47 |   153 ||   200

Table legend: (Time is in decaauts)
 A = Elapsed time spent in this place.
 B = Non-inter-level travel time spent in this place.
 C = Inter-level travel time spent in this place.
 D = Time resting spent in this place.
 E = Time spent auto-exploring this place.
 F = Levels seen in this place.
 G = Mean time per level.
                   A        B        C        D        E       F      G
               +--------+--------+--------+--------+--------+-----+--------+
         Total |  10556 |   9929 |    627 |      0 |   7509 |  12 |  879.7 |
       Dungeon |  10556 |   9929 |    627 |      0 |   7509 |  12 |  879.7 |
               +--------+--------+--------+--------+--------+-----+--------+

Top non-repeatable levels by time:
     D:6: 1267 daAuts
     D:1: 1196 daAuts
     D:8: 1126 daAuts
     D:4: 1104 daAuts
     D:9: 958 daAuts
     D:5: 954 daAuts
     D:3: 805 daAuts
    D:10: 797 daAuts
    D:11: 698 daAuts
     D:7: 667 daAuts
     D:2: 645 daAuts
    D:12: 335 daAuts
